 Dungeon Crawl Stone Soup version 0.20.0-8-g6b59dc7 (webtiles) character file.

78 Chiseanne the Magician (level 4, 0/32 HPs)
             Began as a Demonspawn Wizard on May 31, 2017.
             Slain by Crazy Yiuf
             ... wielding a +3 quarterstaff of chaos
              (6 damage)
             ... on level 2 of the Dungeon.
             The game lasted 00:04:04 (2431 turns).

Chiseanne the Magician (Demonspawn Wizard)          Turns: 2431, Time: 00:04:05

Health: 0/32       AC:  3    Str: 12 (13) XL:     4   Next: 15%
Magic:  1/9        EV: 12    Int: 19 (20) God:
Gold:   114        SH:  0    Dex:  9 (11) Spells: 7/10 levels left

rFire    . . .     SeeInvis .   n - +0 spear
rCold    . . .     Gourm    .   (no shield)
rNeg     . . .     Faith    .   a - +0 robe
rPois    .         Spirit   .   b - +0 hat
rElec    .         Reflect  .   (no cloak)
rCorr    .         Harm     .   (no gloves)
MR       .....                  (no boots)
Stlth    ++........             (no amulet)
Regen    0.1/turn               (no ring)
MPRegen  0.2/turn               (no ring)

@: mighty, very slightly contaminated, invisible
A: rugged brown scales 1, powered by pain 1, spiny 1
a: no special abilities


You were on level 2 of the Dungeon.
You were hungry.

You visited 1 branch of the dungeon, and saw 2 of its levels.

You collected 114 gold pieces.

Inventory:

Hand Weapons
 n - a +0 spear (weapon)
Missiles
 f - 92 stones (quivered)
 h - 49 bolts
 j - 47 arrows
 p - 13 poisoned needles
Armour
 a - a +0 robe (worn)
 b - a +0 hat (worn)
 l - a +0 helmet
Jewellery
 g - a cursed amulet of inaccuracy {unknown}
Scrolls
 m - a scroll of remove curse
Potions
 e - a potion of degeneration
 i - a potion of haste {unknown}
 o - a potion of heal wounds {unknown}
Books
 c - a book of Minor Magic

   Spells                             Type                      Level
   a - Magic Dart                     Conjuration                  1
   b - Blink                          Translocation                2
   c - Call Imp                       Summoning                    2
   d - Slow                           Hexes                        2
   e - Conjure Flame                  Conjuration/Fire             3
   f - Mephitic Cloud                 Conjuration/Poison/Air       3
Comestibles
 d - a bread ration
 k - 4 chunks of flesh


   Skills:
 + Level 1.0 Fighting
 - Level 1.7 Dodging
 - Level 1.7 Stealth
 * Level 3.7 Spellcasting
 * Level 2.9 Conjurations
   Level 1.0 Summonings
 - Level 0.8 Translocations


You had 7 spell levels left.
You knew the following spells:

 Your Spells              Type           Power        Failure   Level  Hunger
a - Magic Dart            Conj           ##..         4%          1    None
b - Blink                 Tloc           N/A          16%         2    ##.....


Dungeon Overview and Level Annotations

Branches:
Dungeon (2/15)

Altars:
Gozag
Zin

Annotations:
D:2 Crazy Yiuf


Innate Abilities, Weirdness & Mutations

You are partially covered in rugged brown scales. (AC +1, +3% HP)
You sometimes gain a little power by taking damage.
You are partially covered in sharp spines.


Message History

Confirm with . or Enter, or press ? or * to list all spells.
Aiming: Magic Dart
Press: ? - help, Shift-Dir - straight line, f/p - Crazy Yiuf
Aim: Crazy Yiuf, wielding a quarterstaff of chaos and wearing a glowing cloak (heavily wounded)
The magic dart hits Crazy Yiuf.
Crazy Yiuf is heavily wounded.
Crazy Yiuf misses you.
Casting: Magic Dart
Confirm with . or Enter, or press ? or * to list all spells.
Aiming: Magic Dart
Press: ? - help, Shift-Dir - straight line, f/p - Crazy Yiuf
Aim: Crazy Yiuf, wielding a quarterstaff of chaos and wearing a glowing cloak (heavily wounded)
The magic dart hits Crazy Yiuf.
Crazy Yiuf is heavily wounded.
You are feeling hungry.
Crazy Yiuf is struck by your spines.
Crazy Yiuf hits you with a quarterstaff of chaos.
* * * LOW HITPOINT WARNING * * *
You convulse.
You die...

# #.#
#.#.#.#.#########.##.#.##
# #.#
#.##.##.##.........#.....
# #.#
#.##....##.#######...#.##
###.### ############
##.##... ......## #.##...
#.###..# ####.##... #.#
##.###♣♣ ### #.......#.
#.# #...#.♣♣ ♣♣#..)#
####.####. ..#
#......♣♣♣♣@g...# ##.##
#. ### ##......♣..♣#...#
##...###. .# ##.#..♣.♣♣♣
### ##.....#.. .#
###♣♣♣♣♣ #....>...# .#
##.....#.. .##########
#### ##...####
..........# #..# ##.....#
..######### #..# #####.#
..#### #..####### #.#


You could see Crazy Yiuf.

Vanquished Creatures
  Robin (D:2)
  An adder (D:2)
  An ooze (D:2)
  A worm (D:2)
  2 dart slugs (D:1)
  A leopard gecko (D:1)
  3 giant cockroaches
  10 goblins
  5 hobgoblins
  A ball python (D:2)
  8 bats
  6 frilled lizards
  A kobold (D:1)
  8 rats
49 creatures vanquished.

Notes
Turn   | Place    | Note
-------+----------+-------------------------------------------
     0 | D:1      | Chiseanne the Demonspawn Wizard began the quest for the Orb.
     0 | D:1      | Reached XP level 1. HP: 13/13 MP: 4/4
   359 | D:1      | Gained mutation: You are partially covered in rugged brown scales. (AC +1, +3% HP) [demonic ancestry]
   359 | D:1      | Reached XP level 2. HP: 13/19 MP: 0/6
   627 | D:1      | Learned a level 2 spell: Blink
  1348 | D:2      | Gained mutation: You are partially covered in sharp spines. [demonic ancestry]
  1348 | D:2      | Reached XP level 3. HP: 25/25 MP: 1/7
  1588 | D:2      | Reached skill level 1 in Fighting
  1719 | D:2      | Found a glowing silver altar of Zin.
  1736 | D:2      | Noticed Robin
  1737 | D:2      | Found an opulent altar of Gozag.
  1764 | D:2      | Killed Robin
  1764 | D:2      | Gained mutation: You sometimes gain a little power by taking damage. [demonic ancestry]
  1764 | D:2      | Reached XP level 4. HP: 19/32 MP: 0/9
  1963 | D:2      | Found a runed door.
  2423 | D:2      | Noticed Crazy Yiuf
  2431 | D:2      | Slain by Crazy Yiuf

Skill      XL: |  1  2  3 |
---------------+----------+-----
Conjurations   | 2 |  2.9
Fighting       | 1 |  1.0
Dodging        | |  1.7
Stealth        | |  1.7
Spellcasting   | |  3.7
Summonings     | |  1.0
Translocations | |  0.8

Action                   |  1- 3 |  4- 6 || total
-------------------------+-------+-------++-------
Melee: Club              |    21 |       ||    21
       Spear             |       |     7 ||     7
 Cast: Magic Dart        |    81 |    26 ||   107
  Use: Scroll            |     5 |       ||     5
       Potion            |     3 |       ||     3
  Eat: Chunk             |     2 |     2 ||     4
Armor: Robe              |     5 |     1 ||     6
Dodge: Dodged            |    29 |     9 ||    38
